 Dungeon Crawl Stone Soup version 0.22-a0-480-g991dd4b (webtiles) character file.

328 CougarLife the Chopper (level 6, -4/52 HPs)
             Began as a Minotaur Fighter on June 14, 2018.
             Was a Follower of Okawaru.
             Slain by an ogre
             ... wielding a +0 giant spiked club
              (9 damage)
             ... on level 4 of the Dungeon.
             The game lasted 00:03:50 (2385 turns).

CougarLife the Chopper (Minotaur Fighter)           Turns: 2385, Time: 00:03:50

Health: -4/52      AC:  7    Str: 20    XL:     6   Next: 25%
Magic:  5/5        EV:  7    Int:  7    God:    Okawaru [*.....]
Gold:   179        SH:  9    Dex: 10    Spells: 5/5 levels left

rFire    . . .     SeeInvis .   a - +0 war axe
rCold    . . .     Gourm    .   c - +0 shield
rNeg     . . .     Faith    .   b - +0 scale mail
rPois    .         Spirit   .   (helmet restricted)
rElec    .         Reflect  .   (no cloak)
rCorr    .         Harm     .   (no gloves)
MR       .....                  (no boots)
Stlth    ..........             (no amulet)
HPRegen  0.17/turn              (no ring)
MPRegen  0.09/turn              (no ring)

@: no status effects
A: retaliatory headbutt, horns 2
a: Heroism, Renounce Religion


You were on level 4 of the Dungeon.
You worshipped Okawaru.
Okawaru was aware of your devotion.
You were hungry.

You visited 2 branches of the dungeon, and saw 5 of its levels.

You collected 179 gold pieces.

Inventory:

Hand Weapons
 a - a +0 war axe (weapon)
Missiles
 o - 4 javelins (quivered)
Armour
 b - a +0 scale mail (worn)
 c - a +0 shield (worn)
 h - a +1 pair of gloves
 i - a +2 cloak
Jewellery
 g - an uncursed ring of fire {unknown}
 j - an uncursed ring of wizardry {unknown}
 l - an uncursed amulet of the acrobat {unknown}
 n - an uncursed amulet of faith {unknown}
 y - an uncursed ring of fire {unknown}
Scrolls
 e - a scroll of enchant weapon {unknown}
 p - a scroll of remove curse {unknown}
 q - a scroll of fog {unknown}
 r - a scroll of amnesia {unknown}
 t - 2 scrolls of magic mapping
 u - 2 scrolls of identify {unknown}
 x - a scroll of fear {unknown}
Potions
 d - 2 potions of might
 k - 4 potions of curing {unknown}
 m - 2 potions of brilliance {unknown}
 s - a potion of cancellation {unknown}
 v - a potion of flight {unknown}
 w - 2 potions of lignification {unknown}
 z - 2 potions of magic {unknown}
Comestibles
 f - 7 rations


   Skills:
 - Level 4.0 Fighting
 - Level 7.4 Axes
 - Level 4.0 Armour
 - Level 4.1 Shields
 + Level 0.0 Invocations


You had 5 spell levels left.
You didn't know any spells.
Your spell library was empty.

Dungeon Overview and Level Annotations

Branches:
Dungeon (4/15)             Temple (1/1) D:4

Altars:
Ashenzari
Cheibriados
Dithmenos
Elyvilon
Fedhas
Gozag
Kikubaaqudgha
Makhleb
Nemelex Xobeh
Okawaru
Qazlal
Ru
Sif Muna
Trog
Uskayaw
Wu Jian
Xom
Yredelemnul
Zin
The Shining One


Innate Abilities, Weirdness & Mutations

You reflexively headbutt those who attack you in melee.
You have a pair of horns on your head.


Message History

You slash the ogre!
The ogre is heavily wounded.
The ogre completely misses you.
You hit the ogre.
The ogre is severely wounded.
The ogre hits you with a giant spiked club!!
* * * LOW HITPOINT WARNING * * *
You are too injured to fight recklessly!
You are too injured to fight recklessly!
You are too injured to fight recklessly!
You are too injured to fight recklessly!
You hit the ogre.
The ogre is almost dead.
The ogre hits you with a giant spiked club!
* * * LOW HITPOINT WARNING * * *
You hit the ogre.
The ogre is almost dead.
The leopard gecko hisses menacingly.
The ogre hits you with a giant spiked club!
You die...

#. #.# # #.. #. #.#
#..##.## .
.##..#...#######....
............@Ol.....
.[...#...#######...#
........######## #
####............
#########.########
###..<......#
....######### #####


You could see an ogre and a leopard gecko.

Vanquished Creatures
  A wyvern (D:4)
  An orc priest (D:4)
  2 worker ants (D:4)
  3 adders (D:3)
  An ooze (D:3)
  A worm (D:3)
  3 dart slugs
  4 leopard geckos
  10 orcs
  A ball python (D:3)
  8 bats
  A giant cockroach (D:3)
  A goblin (D:2)
  6 hobgoblins
  6 kobolds
  2 frilled lizards
  3 rats
54 creatures vanquished.

Notes
Turn   | Place    | Note
-------+----------+-------------------------------------------
     0 | D:1      | CougarLife the Minotaur Fighter began the quest for the Orb.
     0 | D:1      | Reached XP level 1. HP: 19/19 MP: 0/0
   184 | D:1      | Reached XP level 2. HP: 25/26 MP: 1/1
   925 | D:3      | Found an iron altar of Okawaru.
   939 | D:3      | Reached skill level 3 in Axes
   959 | D:3      | Became a worshipper of Warmaster Okawaru
   999 | D:3      | Reached XP level 3. HP: 32/33 MP: 2/2
  1212 | D:3      | Reached skill level 4 in Axes
  1236 | D:3      | Reached XP level 4. HP: 19/40 MP: 3/3
  1618 | D:3      | Found a sparkling altar of Nemelex Xobeh.
  1618 | D:3      | Found a faded altar of an unknown god.
  1624 | D:3      | Found a shattered altar of Ashenzari.
  1626 | D:3      | Found a faded altar of an unknown god.
  1628 | D:3      | Found a burning altar of Makhleb.
  1917 | D:4      | Reached skill level 5 in Axes
  1934 | D:4      | Found a staircase to the Ecumenical Temple.
  1940 | D:4      | Reached XP level 5. HP: 29/46 MP: 4/4
  2057 | Temple   | Entered the Ecumenical Temple
  2182 | D:4      | Noticed a wyvern
  2183 | D:4      | Found an opulent altar of Gozag.
  2187 | D:4      | Killed a wyvern
  2187 | D:4      | Reached * piety under Okawaru
  2187 | D:4      | Reached skill level 7 in Axes
  2187 | D:4      | Reached XP level 6. HP: 33/52 MP: 5/5
  2385 | D:4      | Slain by an ogre

Vault maps used:
D:1:      minmay_arrival_semitransparent
D:3:      lemuel_round_altar, chequers_temple_overflow_minitemple, first_ration,
          st_stairs_7
D:4:      minmay_temple_entry_crystal_x, nicolae_gozag_seed_capital
Temple:   nicolae_temple_x_marks_the_god

Skill      XL: |  1  2  3  4  5 |
---------------+----------------+-----
Shields        | 4 |  4.1
Armour         | 4 |  4.0
Fighting       | 4 |  4.0
Axes           | 3 4 5 7 |  7.4

Action                   |  1- 3 |  4- 6 || total
-------------------------+-------+-------++-------
Melee: War axe           |    99 |    44 ||   143
       Headbutt          |     9 |     9 ||    18
  Use: Scroll            |       |     1 ||     1
       Potion            |       |     1 ||     1
  Eat: Chunk             |     1 |     3 ||     4
Armor: Scale mail        |    65 |     7 ||    72
Dodge: Dodged            |    32 |    12 ||    44
Block: Shield            |    52 |    13 ||    65

Table legend:
 A = Spawn XP
 B = Non-spawn XP
 C = Spawn XP percentage of total XP
 D = Spawn monster count
 E = Non-spawn monster count
 F = Spawn count percentage of total count
 G = Total turns spent on level
                    A         B        C        D         E        F      G
               +---------+---------+-------+---------+---------+-------+---------
         Total |       0 |     469 |   0.0 |       0 |      54 |   0.0 |  2385
               +---------+---------+-------+---------+---------+-------+---------
           D:1 |       0 |      24 |   0.0 |       0 |      12 |   0.0 |   555
           D:2 |       0 |      12 |   0.0 |       0 |       7 |   0.0 |   363
           D:3 |       0 |     101 |   0.0 |       0 |      27 |   0.0 |   927
           D:4 |       0 |     332 |   0.0 |       0 |       8 |   0.0 |   481
               +---------+---------+-------+---------+---------+-------+---------
